 Dungeon Crawl Stone Soup version 0.29-a0-664-gff9cad4a3d (webtiles) character file.

Game seed: 2896353319378597442

42 Sabo the Chopper (level 3, -2/51 HPs)
             Began as a Hill Orc Berserker on June 23, 2022.
             Was a Follower of Trog.
             Succumbed to Terence's poison
             ... on level 2 of the Dungeon.
             The game lasted 00:08:55 (1852 turns).

Sabo the Chopper (Hill Orc Berserker)               Turns: 1852, Time: 00:08:55

Health: -2/51      AC: 10    Str: 21    XL:     3   Next: 54%
Magic:  3/3        EV:  8    Int:  7    God:    Trog [*.....]
Gold:   82         SH:  0    Dex: 10    Spells: 2/2 levels left

rFire   . . .      SeeInvis .   a - +0 hand axe
rCold   . . .      Faith    .   (no shield)
rNeg    . . .      Spirit   .   j - +0 chain mail
rPois   .          Reflect  .   (no helmet)
rElec   .          Harm     .   d - +0 cloak
rCorr   .          Rampage  .   (no gloves)
Will    .....                   (no boots)
Stlth   ..........              (no amulet)
HPRegen 0.17/turn               (no ring)
MPRegen 0.08/turn               (no ring)

@: berserking, lethally poisoned (-2 -> -30), very quick
A: no striking features
a: Renounce Religion, Berserk


You were on level 2 of the Dungeon.
You worshipped Trog.
Trog was aware of your devotion.
You visited 1 branch of the dungeon, and saw 2 of its levels.

You collected 82 gold pieces.

Inventory:

Hand Weapons
 a - a +0 hand axe (weapon)
Armour
 d - a +0 cloak (worn)
 j - a +0 chain mail (worn)
Scrolls
 c - a scroll of blinking
 e - a scroll of enchant weapon
 g - 2 scrolls of identify
 h - a scroll of teleportation {unknown}
 i - 2 scrolls of vulnerability {unknown}
 k - a scroll of fear {unknown}
Potions
 b - a potion of ambrosia {unknown}
 f - a potion of flight {unknown}
 l - a potion of curing {unknown}


   Skills:
 + Level 4.4 Fighting
 + Level 4.7 Axes
 + Level 2.4 Armour
 + Level 1.8 Dodging


You had 2 spell levels left.
You didn't know any spells.
Your spell library was empty.

Dungeon Overview and Level Annotations

Branches:
Dungeon (2/15)

Altars:
Cheibriados

Annotations:
D:2 Terence


Message History

You now have 82 gold pieces (gained 5).
You open the door.
There is an open door here.
Found a stone staircase leading up.
There is an open door here.
There is an open door here.
Terence the Incautious comes into view.
He is wielding a +1 mace of venom.
Terence shouts!
Terence hits you but does no damage.
You are poisoned.
You closely miss Terence.
You feel sick.
Terence hits you with a +1 mace of venom!
You are more poisoned.
You hit Terence but do no damage.
You feel very sick. Terence barely misses you.
You barely miss Terence.
You feel very sick. Terence hits you but does no damage.
You are lethally poisoned!
You barely miss Terence.
You feel very sick.
Terence says, "Don't bother to defend, it's senseless."
Terence barely misses you.
You hit Terence.
Terence is moderately wounded.
You feel very sick.
Terence says, "Don't bother to defend, it's useless."
Terence hits you with a +1 mace of venom.
* * * LOW HITPOINT WARNING * * *
You are more poisoned.
A red film seems to cover your vision as you go berserk!
You feel yourself moving faster!
You feel mighty!
* * * LOW HITPOINT WARNING * * *
You feel very sick. Terence hits you but does no damage.
You are more poisoned.
You completely miss Terence.
Terence is moderately wounded.
You die...

############## ##............#
.'............+
.#............##########
:#<#............@@......
.#.#.################### .#.#.#
.#.#.# .#.#.# .#.#.# ######
.#†#.########### #....#
.#.#.#.........############.##.#
.....'.........'.............#.#


You could see Terence.

Vanquished Creatures
  2 adders (D:2)
  A dart slug (D:2)
  2 ball pythons (D:2)
  A bat (D:2)
  A goblin (D:1)
  2 hobgoblins
  3 jackals (D:2)
  3 frilled lizards
  4 kobolds
  5 rats
24 creatures vanquished.

Notes
Turn   | Place    | Note
-------+----------+-------------------------------------------
     0 | D:1      | Sabo the Hill Orc Berserker began the quest for the Orb.
     0 | D:1      | Reached XP level 1. HP: 19/19 MP: 1/1
   501 | D:1      | Found a faded altar of an unknown god.
   802 | D:2      | Reached XP level 2. HP: 25/27 MP: 2/2
  1432 | D:2      | Reached XP level 3. HP: 32/34 MP: 3/3
  1615 | D:2      | Found a snail-covered altar of Cheibriados.
  1842 | D:2      | Noticed Terence
  1852 | D:2      | Succumbed to Terence's poison

Illustrated notes

Levels and vault maps discovered:
D:1:      dpeg_arrival_tiny_k, layout_loops_ring, ebering_ecumenical_altar_box,
          chequers_mini_garden
D:2:      layout_basic, basic_altar, lightli_corner_chamber, uniq_terence

Skill      XL: |  1 |
---------------+----+-----
Fighting       | 4 |  4.4
Axes           | |  4.7
Armour         | |  2.4
Dodging        | |  1.8

Action                   || total
-------------------------++-------
Melee: Hand axe          ||    88
Invok: Berserk           ||     1
  Use: Scroll            ||     2
Armor: Animal skin       ||     5
       Chain mail        ||    50
Dodge: Dodged            ||    56

Table legend: (Time is in decaauts)
 A = Elapsed time spent in this place.
 B = Non-inter-level travel time spent in this place.
 C = Inter-level travel time spent in this place.
 D = Time resting spent in this place.
 E = Time spent auto-exploring this place.
 F = Levels seen in this place.
 G = Mean time per level.
                   A        B        C        D        E       F      G
               +--------+--------+--------+--------+--------+-----+--------+
         Total |   1859 |   1859 |      0 |    161 |      0 |   2 |  929.5 |
       Dungeon |   1859 |   1859 |      0 |    161 |      0 |   2 |  929.5 |
               +--------+--------+--------+--------+--------+-----+--------+

Top non-repeatable levels by time:
     D:2: 1063 daAuts
     D:1: 796 daAuts
